Map: Emerald City LE

Players

BabaAndante

  • Race: Terran Terran
  • League: Gold
  • Spawn Location: 5:00

ivanpeque

  • Race: Terran Terran
  • League: Diamond
  • Spawn Location: 5:00

Massa - Winner!

  • Race: Terran Terran
  • League: Platinum
  • Spawn Location: 11:00

qqq - Winner!

  • Race: Zerg Zerg
  • Spawn Location: 11:00

VOD

Have the link to the VOD?

Description

Time

  • Played on: Nov. 7, 2020, 5:52 p.m.
  • Length: 23:55
Show
View Real Time Build Order
Export as new Build Order

BabaAndante Terran 

Build Orders:  

Get SALT Encoding   

  12  0:00  SCV  
  13  0:17  Supply Depot  
  13  0:18  SCV  
  14  0:30  SCV  
  15  0:41  Barracks  
  15  0:42  SCV  
  16  0:50  Refinery  
  16  0:54  SCV  
  17  1:06  SCV  
  18  1:21  SCV  
  19  1:34  Command Center  
  19  1:40  Orbital Command  
  19  1:48  Marine  
  20  2:06  Marine  
  21  2:16  SCV  
  22  2:27  Barracks Reactor, Factory  
  22  2:33  Barracks  
  22  2:48  SCV  
  23  2:52  Refinery  
  23  3:00  SCV  
  23  3:04  Orbital Command  
  24  3:13  Factory Tech Lab  
  24  3:18  Marine x2  
  26  3:21  Starport, Barracks Tech Lab  
  26  3:28  Supply Depot  
  26  3:32  SCV  
  26  3:33  Engineering Bay  
  27  3:39  SCV  
  28  3:42  Stimpack  
  28  3:44  SCV  
  29  3:51  Supply Depot  
  29  3:56  SCV  
  30  4:05  Starport Reactor  
  30  4:12  SCV  
  30  4:13  SCV  
  30  4:14  Supply Depot  
  30  4:15  Siege Tank  
  35  4:21  Marine x2  
  35  4:22  Marine  
  38  4:25  SCV x2  
  40  4:34  Terran Infantry Weapons Level 1  
  40  4:37  SCV x2  
  42  4:38  Marine  
  42  4:39  Supply Depot  
  42  4:43  Marine x2  
  45  4:52  Medivac  
  47  5:02  SCV x2  
  49  5:07  Marine x3  
  49  5:09  Siege Tank  
  56  5:14  SCV x2  
  57  5:25  Marine x2  
  57  5:26  SCV x2  
  61  5:31  Missile Turret  
  61  5:36  Missile Turret  
  61  5:38  Missile Turret  
  61  5:43  Missile Turret  
  61  5:49  Refinery, SCV x2  
  63  5:52  Marine x3  
  63  5:54  Siege Tank  
  63  5:55  Missile Turret  
  69  6:01  SCV  
  69  6:03  Missile Turret  
  70  6:04  Supply Depot  
  70  6:05  Supply Depot  
  70  6:11  Refinery  
  70  6:23  Missile Turret  
  70  6:25  Marine, Medivac  
  70  6:26  SCV x2  
  70  6:27  Supply Depot  
  75  6:38  SCV  
  76  6:42  Missile Turret  
  76  6:51  Supply Depot  
  76  6:53  Widow Mine  
  78  6:56  Marine x2  
  78  6:57  Marine  
  81  7:07  Barracks  
  81  7:12  Barracks  
  81  7:14  Marine  
  81  7:15  Widow Mine  
  84  7:16  Barracks  
  84  7:21  Supply Depot  
  84  7:22  Command Center  
  84  7:27  Marine x2  
  86  7:30  Medivac x2  
  86  7:36  Siege Tank  
  93  7:45  Marauder  
  94  8:11  Barracks Reactor  
  94  8:14  Barracks Reactor  
  94  8:17  SCV x2  
  94  8:18  Barracks Tech Lab  
  96  8:27  Marine  
  96  8:28  Marine  
  96  8:29  SCV x2  
  96  8:30  Siege Tank  
  96  8:31  Medivac x2  
  96  8:33  Marine  
  108  8:46  Factory  
  108  8:51  Marauder  
  110  9:00  Marine x6  
  110  9:01  Marauder  
  110  9:02  Siege Tank  
  121  9:10  Supply Depot  
  121  9:11  Supply Depot  
  121  9:12  Marauder, Supply Depot  
  121  9:15  SCV x2  
  125  9:17  Planetary Fortress  
  125  9:30  Factory  
  125  9:31  Marine x2  
  125  9:32  Marauder, Marine x4  
  125  9:33  Supply Depot  
  125  9:34  Factory Tech Lab, Marauder  
  135  9:38  Supply Depot  
  135  9:41  Supply Depot  
  135  9:50  SCV x2  
  137  10:01  Supply Depot  
  137  10:02  SCV x2  
  137  10:04  Supply Depot  
  124  10:15  Factory  
  107  10:23  Supply Depot  
  107  10:27  Supply Depot  
  103  10:41  Command Center  
  103  10:42  Marine x4  
  106  10:43  Marine x2  
  106  10:45  Marauder x2  
  106  10:47  Siege Tank x2  
  106  10:48  Medivac x2  
  123  11:00  Marine x3  
  123  11:06  Marauder  
  123  11:07  Marauder  
  123  11:08  Armory  
  124  12:08  SCV  
  124  12:09  SCV  
  126  12:20  SCV  
  126  12:21  SCV  
  128  12:27  Terran Vehicle Weapons Level 1  
  128  12:28  Factory Tech Lab  
  128  12:30  Factory Tech Lab, Marine x2  
  128  12:31  Marine x4  
  134  12:47  SCV x2  
  136  12:51  SCV  
  137  12:59  SCV x2  
  137  13:03  SCV  
  137  13:05  Widow Mine x2  
  144  13:06  Widow Mine  
  144  13:07  Widow Mine  
  144  13:11  SCV  
  149  13:37  Marine x2  
  149  13:38  Marine x4  
  149  13:40  Marauder x2  
  159  13:43  Siege Tank x4  
  157  14:02  Marauder  
  153  14:30  Marine  
  153  14:31  Marine x5  
  150  14:34  Marine x2  
  150  14:35  Thor x3  
  150  14:36  Thor  
  150  14:37  Medivac  
  180  14:39  Medivac  
  181  14:46  Supply Depot  
  181  15:07  Marine x6  
  181  15:09  Supply Depot x2  
  187  15:16  Refinery  
  187  15:19  Refinery  
  187  15:29  Thor  
  185  15:42  Thor x2  
  197  15:46  Terran Vehicle Weapons Level 2  
  119  16:50  Thor x3  
  119  16:51  Thor  
  136  17:33  Thor x2  
  148  17:40  SCV x2  
  148  17:41  Command Center  
  150  17:52  SCV  
  151  18:02  Terran Vehicle And Ship Armor Level 1  
  151  18:10  SCV x2  
  153  18:22  SCV  
  154  19:09  Sensor Tower  
  154  19:15  Refinery, Thor  
  160  19:35  Command Center  
  160  20:12  SCV x2  
  162  20:16  Terran Vehicle Weapons Level 3  
  162  20:18  Smart Servos  
  157  21:05  Thor x3  
  157  21:06  Thor  
  146  21:33  Marine x2  
  146  21:34  Marine x5  
  146  21:36  Marauder  
  155  21:51  Marine x2  
  152  22:43  Planetary Fortress  
  119  23:32  SCV  
  119  23:33  SCV  
Show
View Real Time Build Order
Export as new Build Order

ivanpeque Terran 

Build Orders: Reaper Expand 

Get SALT Encoding   

  12  0:00  SCV  
  13  0:12  SCV  
  14  0:18  Supply Depot  
  14  0:24  SCV  
  15  0:40  SCV  
  15  0:41  Barracks  
  16  0:45  Refinery  
  16  0:52  SCV  
  18  1:04  SCV  
  18  1:16  SCV  
  19  1:28  Orbital Command  
  19  1:29  Reaper  
  20  1:39  Command Center  
  20  1:52  Supply Depot  
  20  1:53  SCV  
  21  2:01  Marine  
  21  2:05  SCV  
  23  2:18  SCV  
  23  2:21  Factory  
  24  2:22  Barracks Reactor  
  24  2:27  Refinery  
  24  2:30  SCV  
  25  2:45  SCV  
  26  2:53  Orbital Command  
  26  3:01  Marine x2  
  26  3:02  SCV  
  29  3:05  Starport  
  29  3:11  Factory Tech Lab  
  29  3:14  SCV  
  29  3:18  SCV  
  31  3:20  Marine x2  
  31  3:26  SCV  
  34  3:29  Siege Tank  
  34  3:30  SCV  
  38  3:39  SCV  
  38  3:40  Marine x2  
  41  3:42  SCV, Medivac  
  41  3:46  Supply Depot  
  44  3:50  Supply Depot  
  44  3:51  SCV  
  44  3:55  SCV  
  46  4:07  Marine x2  
  46  4:08  SCV, Siege Tank  
  52  4:10  Supply Depot  
  52  4:14  Supply Depot  
  52  4:24  Medivac  
  52  4:25  SCV x2, Marine x2  
  52  4:30  Refinery  
  52  4:31  Refinery  
  58  4:35  Barracks  
  58  4:36  Barracks  
  58  4:37  SCV  
  58  4:38  SCV, Engineering Bay x2  
  60  4:43  Supply Depot  
  60  4:50  SCV x2  
  60  4:51  Supply Depot  
  62  4:53  Marine  
  62  4:54  Marine  
  62  4:56  Starport Reactor  
  56  5:11  Widow Mine  
  56  5:12  Marine x2  
  60  5:14  SCV x2  
  61  5:23  Barracks Reactor, Barracks Tech Lab  
  61  5:29  Supply Depot  
  61  5:31  SCV x2, Marine  
  61  5:32  Sensor Tower, Marine  
  61  5:34  Widow Mine  
  61  5:35  Medivac x2  
  71  5:45  Armory, Marine  
  71  5:49  Marine x2, Stimpack  
  73  5:50  SCV x2  
  76  6:04  Command Center  
  76  6:13  SCV x2  
  76  6:14  Terran Infantry Armor Level 1, Terran Infantry Weapons Level 1  
  76  6:30  Missile Turret  
  75  6:36  Marine x4, Terran Vehicle Weapons Level 1  
  75  6:37  Marine  
  75  6:38  Thor  
  86  6:47  SCV  
  86  6:48  SCV  
  86  6:51  Missile Turret  
  88  7:01  Marine x3  
  88  7:02  Marine x2  
  88  7:04  Liberator x2  
  99  7:16  Factory  
  99  7:18  Missile Turret  
  99  7:20  SCV  
  99  7:21  SCV, Orbital Command  
  101  7:23  Marauder, Marine  
  101  7:24  Marine  
  101  7:25  Marine  
  106  7:32  Sensor Tower  
  106  7:36  Combat Shield  
  106  7:39  Widow Mine  
  106  7:40  Missile Turret  
  106  7:41  Marine x2  
  106  7:42  Marine  
  106  7:43  Marine  
  112  7:51  SCV x3  
  115  8:01  Marine x2, Missile Turret  
  117  8:07  Supply Depot  
  117  8:09  Terran Infantry Armor Level 2, Terran Infantry Weapons Level 2, Supply Depot  
  117  8:23  Marine, Medivac  
  117  8:27  Marine x3  
  117  8:28  Marine  
  117  8:29  Widow Mine  
  117  8:33  Factory Reactor  
  120  8:37  Supply Depot  
  120  8:45  Marine  
  120  8:46  Barracks  
  120  8:48  Barracks  
  121  8:49  SCV x2  
  121  8:50  SCV  
  121  8:52  Terran Vehicle And Ship Armor Level 1  
  121  8:53  Marine x3  
  121  8:54  Marauder  
  129  8:58  Thor  
  129  9:00  Drilling Claws, Supply Depot  
  135  9:14  Marine x4  
  139  9:27  Concussive Shells  
  139  9:30  Widow Mine x2  
  143  9:34  Medivac x2  
  143  9:36  Barracks Reactor, Barracks Tech Lab  
  143  9:37  Marine x2  
  149  9:42  Supply Depot x2  
  149  9:44  Supply Depot  
  149  9:47  Refinery, Supply Depot  
  149  9:48  Refinery  
  149  10:00  Command Center  
  149  10:03  Marine x3  
  149  10:04  SCV x3  
  137  10:16  SCV x3  
  125  10:38  SCV  
  125  10:39  SCV x2  
  126  10:50  Terran Infantry Weapons Level 3, Terran Infantry Armor Level 3  
  126  10:51  SCV x3  
  125  11:08  Marine x6  
  125  11:09  Marine  
  125  11:10  Marauder, Thor  
  142  11:11  Widow Mine x2  
  142  11:12  Medivac x2  
  148  11:19  Terran Vehicle Weapons Level 2  
  148  11:24  Orbital Command  
  148  11:31  Marine x6  
  148  11:32  Marauder x2  
  158  11:33  Widow Mine  
  158  11:34  Widow Mine  
  161  12:02  Command Center  
  161  12:04  Widow Mine x2, Siege Tank  
  161  12:05  Liberator x2  
  161  12:06  Marine x7  
  161  12:07  Marine  
  182  12:10  Fusion Core  
  157  13:02  Marine x6  
  157  13:03  Marine x2  
  157  13:05  Siege Tank  
  154  13:06  Widow Mine x2, Liberator x2  
  137  13:25  Marine x6  
  137  13:26  Marine x2  
  139  13:30  Widow Mine x2  
  140  13:39  Neosteel Armor, Hi-Sec Auto Tracking  
  140  13:43  Marine x4  
  143  13:53  Liberator x2  
  149  13:57  Advanced Ballistics  
  149  13:59  Terran Ship Weapons Level 1  
  118  14:21  Marine x3  
  118  14:22  Marine x3  
  124  14:24  Widow Mine x2  
  124  14:25  Thor  
  130  14:36  Liberator x2  
  135  14:43  Marine x2  
  135  14:44  Marine x4  
  141  14:49  Hellbat x2  
  139  15:04  Marine  
  139  15:05  Marauder x2, Marine x3  
  140  15:18  Liberator  
  140  15:19  Liberator  
  128  15:50  Marine  
  128  15:51  Marine x5  
  128  15:52  Thor  
  137  16:08  Liberator x2  
  137  16:44  Command Center  
  133  16:47  Barracks  
  133  16:51  Command Center  
  94  17:10  Factory  
  94  17:13  Factory x2  
  85  17:40  Liberator x2  
  85  17:41  Marine x4  
  85  17:42  Marine x2  
  85  17:43  Thor  
  103  17:59  Factory Tech Lab x2  
  103  18:00  Factory Tech Lab  
  103  18:08  Marauder x2, Marine x4  
  103  18:11  Widow Mine x2  
  109  18:32  Orbital Command  
  103  18:54  Marine x2  
  103  18:55  Marine x2  
  88  18:56  Marauder x2, Thor x3  
  88  18:59  Thor  
  111  19:21  Marine x4  
  115  19:42  Liberator  
  118  19:50  Liberator  
  121  20:33  Factory Tech Lab  
  121  20:34  Orbital Command  
  78  20:59  Liberator  
  78  21:00  Liberator  
  78  21:01  Siege Tank x2  
Show
View Real Time Build Order
Export as new Build Order

Massa Terran - Winner!

Build Orders: Gas First Reaper Expand 

Get SALT Encoding   

  12  0:01  SCV  
  13  0:13  SCV  
  14  0:22  Supply Depot  
  14  0:25  SCV  
  15  0:29  Refinery  
  15  0:44  SCV  
  15  0:45  Barracks  
  16  0:56  SCV  
  17  1:08  SCV  
  18  1:23  SCV  
  19  1:33  Reaper  
  19  1:35  Orbital Command  
  20  1:46  Command Center  
  20  2:04  Supply Depot  
  20  2:08  Factory  
  20  2:11  Marine  
  21  2:25  SCV  
  22  2:39  Barracks Reactor  
  22  2:53  SCV  
  22  2:57  Command Center  
  23  3:03  Factory Tech Lab  
  23  3:05  Orbital Command, SCV  
  24  3:15  Marine x2  
  24  3:18  Refinery, SCV  
  27  3:26  Engineering Bay  
  27  3:30  SCV, Siege Tank  
  27  3:33  SCV, Marine  
  33  3:42  SCV  
  33  3:45  SCV  
  33  3:46  Marine  
  36  3:50  Marine  
  36  3:54  SCV  
  38  3:55  Missile Turret  
  38  3:57  Starport  
  38  4:04  SCV, Missile Turret  
  38  4:07  SCV  
  40  4:19  Orbital Command  
  40  4:24  Terran Infantry Weapons Level 1  
  40  4:32  Refinery  
  40  4:33  Refinery  
  40  4:37  Marine x2  
  42  4:42  Barracks  
  42  4:47  Barracks  
  42  4:49  Barracks  
  42  4:54  Siege Tank  
  42  4:55  Marine x2  
  42  4:58  SCV  
  42  4:59  SCV  
  49  5:16  SCV x3  
  52  5:21  Missile Turret  
  52  5:24  Missile Turret  
  52  5:26  Medivac  
  52  5:28  SCV x3  
  57  5:37  Barracks Tech Lab x2  
  57  5:39  Barracks Reactor  
  57  5:44  SCV x3  
  60  5:56  SCV  
  61  6:02  Stimpack  
  61  6:03  Combat Shield  
  61  6:11  Supply Depot  
  61  6:16  Supply Depot  
  61  6:32  Marine  
  61  6:33  Marauder x2  
  66  6:46  Siege Tank  
  69  6:48  Marine x3  
  69  6:50  Starport Reactor, Marine  
  73  6:54  Marauder x2  
  77  7:11  Missile Turret x2  
  77  7:14  Missile Turret  
  77  7:15  Missile Turret, Supply Depot x3  
  77  7:21  Concussive Shells  
  77  7:23  Orbital Command  
  77  7:36  Marine x4  
  77  7:37  SCV x2, Marauder x2, Siege Tank  
  90  7:49  SCV x2  
  92  7:54  Marine  
  92  7:56  Marine  
  92  7:57  Marine x2  
  99  7:58  Marauder x2  
  99  8:01  SCV x2  
  101  8:08  Barracks  
  101  8:10  Barracks  
  101  8:12  Barracks x2  
  101  8:16  Engineering Bay  
  101  8:17  Terran Infantry Armor Level 1  
  101  8:32  Supply Depot x2  
  101  8:41  Armory  
  101  8:45  Sensor Tower  
  101  8:50  Sensor Tower  
  101  8:53  Marine x3  
  101  8:54  SCV x3, Marauder x2, Siege Tank  
  114  8:55  Supply Depot  
  114  8:56  Supply Depot  
  114  8:58  Barracks Tech Lab  
  114  9:00  Barracks Reactor  
  114  9:01  Barracks Reactor  
  114  9:02  Barracks Tech Lab  
  114  9:03  Marine  
  114  9:06  SCV x2  
  117  9:17  SCV, Marauder x2, Marine  
  117  9:18  SCV x2  
  117  9:19  Supply Depot  
  117  9:20  Supply Depot  
  125  9:25  Refinery  
  125  9:27  Refinery, Command Center  
  125  9:29  SCV  
  125  9:30  SCV  
  127  9:32  Siege Tank  
  130  9:39  Marauder  
  130  9:40  Marine  
  130  9:41  Marauder x3  
  139  10:00  Marauder  
  139  10:02  Marauder x3  
  147  10:08  Siege Tank  
  140  10:19  Marine  
  116  10:21  Marauder  
  116  10:23  Marauder x3  
  116  10:24  Medivac x2  
  113  10:35  Marine x4  
  113  10:36  Marine x3  
  113  10:37  Marine  
  113  10:40  Siege Tank  
  124  10:43  Marauder  
  124  10:45  Marauder x3  
  132  10:53  Marine  
  132  10:54  Marine x5, Medivac x2  
  142  11:04  Marauder  
  142  11:06  Marauder x3  
  150  11:12  Siege Tank  
  150  11:17  Terran Infantry Weapons Level 2  
  150  11:18  Terran Infantry Armor Level 2  
  153  11:19  Terran Vehicle Weapons Level 1  
  153  11:23  Armory  
  153  11:24  Orbital Command, Medivac  
  157  11:26  SCV x3, Marauder  
  157  11:28  Marauder x2  
  164  12:03  Supply Depot  
  164  12:07  Supply Depot  
  164  12:12  Supply Depot  
  164  12:13  Supply Depot  
  164  12:17  Supply Depot  
  164  12:20  Refinery  
  164  12:23  Refinery  
  164  12:25  SCV x2, Marauder x3, Supply Depot x2  
  164  12:28  Marauder  
  174  12:31  Supply Depot  
  174  12:32  Command Center  
  174  12:48  Supply Depot  
  174  12:50  Supply Depot  
  141  13:11  Supply Depot  
  141  13:14  Supply Depot  
  137  13:20  Marauder x4, Marine x2  
  137  13:21  Marine x3  
  146  13:36  Supply Depot x2  
  150  13:41  Marauder x4  
  152  13:52  Marine x3  
  152  13:53  Marine  
  152  13:54  Siege Tank  
  163  14:02  Marauder  
  163  14:03  Marauder x3  
  163  14:04  Medivac x2  
  163  14:07  Marine x4  
  175  14:10  Marine  
  175  14:11  Orbital Command  
  182  14:24  Marauder x4  
  182  14:26  Siege Tank  
  187  14:31  Marine  
  187  14:32  Marine x3  
  187  14:34  Medivac x2  
  195  14:45  Marauder x2  
  196  15:05  Terran Vehicle Weapons Level 2  
  196  15:06  Terran Infantry Weapons Level 3, Terran Vehicle And Ship Armor Level 1  
  196  15:07  Marauder x2, Terran Infantry Armor Level 3  
  198  15:24  Refinery  
  198  15:33  Command Center  
  121  16:51  Marauder  
  121  16:52  Marauder x3, Marine x4  
  121  16:53  Siege Tank  
  115  17:00  Viking x2  
  119  17:13  Marauder x4  
  127  17:20  Factory  
  127  17:21  Factory  
  127  17:22  Factory  
  127  17:23  Planetary Fortress  
  127  17:25  Siege Tank  
  130  17:30  Viking x2  
  130  17:34  Marauder x4  
  142  17:46  Neosteel Armor, Hi-Sec Auto Tracking  
  142  17:48  Terran Vehicle And Ship Armor Level 2, Terran Vehicle Weapons Level 3  
  142  17:57  Siege Tank  
  145  18:00  Viking x2  
  145  18:22  Missile Turret  
  145  18:24  Missile Turret  
  145  18:25  Missile Turret  
  145  18:26  Missile Turret  
  145  18:29  Factory Tech Lab, Siege Tank  
  145  18:30  Factory Tech Lab x2  
  145  18:32  Smart Servos  
  148  18:41  Missile Turret  
  148  18:43  Sensor Tower, Missile Turret x2  
  148  18:44  Missile Turret  
  148  18:46  Missile Turret  
  148  18:48  Marauder x4, Marine, Missile Turret  
  156  18:49  Marine x7  
  156  18:53  Siege Tank x3  
  173  19:00  Medivac  
  173  19:01  Medivac, Siege Tank  
  180  19:06  Marine  
  180  19:07  Marine x7  
  180  19:09  Marauder x2, Missile Turret  
  196  19:10  Marauder x2  
  196  19:24  Marine x4  
  196  19:26  Infernal Pre-Igniter  
  196  19:28  Mag-Field Accelerator  
  200  19:36  Refinery  
  200  19:38  Refinery  
  200  19:49  Command Center  
  200  19:51  Drilling Claws  
  159  20:47  Marauder x4  
  159  20:48  Marine x4  
  166  20:50  Siege Tank x4  
  176  21:08  Marauder x3  
  174  21:22  Siege Tank x2  
  174  21:31  Marauder x4, Marine x2  
  184  21:34  Planetary Fortress  
  184  21:36  Missile Turret  
  184  21:52  Marauder x2  
  172  21:57  Missile Turret  
  172  22:00  Viking x2  
  157  22:15  Marine  
  157  22:16  Marine x11  
  157  22:20  Missile Turret  
  155  22:30  Viking x2  
  155  22:33  Marine  
  155  22:34  Marine x4  
  155  22:35  Marauder x4  
  169  22:42  Missile Turret  
  169  22:56  Marauder x2  
  173  22:59  Marauder x2, Marine  
  173  23:00  Marine, Medivac x2  
  173  23:05  Sensor Tower  
  181  23:18  Marauder x2  
Show
View Real Time Build Order
Export as new Build Order

qqq Zerg - Winner!

Build Orders: Hatch First, Brood Lord Corruptor, Muta Ling Bane 

Get SALT Encoding   

  12  0:01  Drone  
  13  0:08  Drone  
  14  0:40  Hatchery  
  13  0:44  Drone  
  14  0:59  Spawning Pool  
  13  1:08  Overlord  
  13  1:12  Drone  
  14  1:26  Extractor, Drone x2  
  14  1:31  Drone  
  16  1:42  Drone  
  17  1:51  Queen  
  17  1:53  Drone  
  20  1:55  Drone  
  21  2:09  Extractor  
  21  2:11  Drone  
  21  2:12  Drone  
  23  2:19  Queen  
  23  2:20  Drone  
  25  2:26  Overlord  
  25  2:31  Drone  
  25  2:33  Drone  
  27  2:38  Zergling x2  
  28  2:45  Lair  
  28  2:48  Drone  
  28  2:50  Drone  
  30  2:53  Zergling x2  
  31  3:00  Drone  
  32  3:10  Drone x2  
  32  3:12  Extractor  
  33  3:15  Drone  
  34  3:20  Drone  
  34  3:21  Overlord  
  35  3:32  Drone  
  35  3:34  Overlord  
  36  3:39  Drone x3  
  39  3:44  Spire  
  39  3:45  Drone  
  39  3:46  Drone x2  
  41  3:49  Drone  
  41  3:51  Drone  
  43  4:07  Drone  
  43  4:08  Overlord x2  
  44  4:10  Metabolic Boost  
  44  4:13  Drone  
  45  4:27  Spore Crawler x2  
  45  4:28  Drone x2  
  45  4:29  Drone  
  45  4:31  Extractor, Spore Crawler  
  45  4:32  Extractor, Spore Crawler  
  45  4:37  Queen  
  44  4:38  Drone  
  44  4:39  Drone  
  44  4:40  Overlord  
  44  4:42  Drone  
  47  4:59  Mutalisk  
  47  5:00  Mutalisk  
  47  5:02  Drone x2  
  47  5:06  Hatchery  
  52  5:17  Mutalisk x2  
  56  5:22  Drone x3  
  59  5:34  Drone  
  60  5:35  Mutalisk  
  60  5:36  Mutalisk  
  64  5:47  Mutalisk x2  
  68  5:50  Overlord  
  68  5:54  Drone  
  68  5:55  Drone x2  
  71  6:03  Mutalisk x2  
  71  6:25  Hatchery  
  70  6:35  Mutalisk, Infestation Pit, Zerg Flyer Weapons Level 1  
  70  6:37  Drone x2  
  70  6:38  Overseer  
  73  6:59  Drone x2  
  75  7:06  Hatchery  
  74  7:13  Mutalisk, Corruptor x2  
  74  7:15  Drone x2, Overlord x3  
  82  7:20  Baneling Nest  
  81  7:23  Hive  
  81  7:24  Drone  
  81  7:29  Hatchery  
  81  7:31  Pneumatized Carapace  
  81  7:47  Mutalisk  
  83  7:59  Mutalisk x2  
  80  8:28  Queen  
  80  8:29  Drone x2  
  80  8:30  Drone x6  
  89  8:34  Mutalisk x3  
  89  8:36  Zergling x10  
  89  8:40  Centrifical Hooks  
  100  8:44  Evolution Chamber  
  100  8:46  Evolution Chamber  
  100  8:48  Extractor  
  97  8:49  Extractor  
  97  8:50  Drone x2  
  97  8:51  Extractor x2, Drone x2  
  97  8:52  Drone x3  
  97  8:53  Spore Crawler  
  97  8:55  Spine Crawler  
  99  8:56  Spine Crawler  
  98  9:15  Greater Spire, Corruptor x2  
  102  9:17  Zergling x10  
  102  9:18  Drone, Zergling x4  
  102  9:19  Drone x7  
  117  9:34  Drone x6  
  123  9:58  Drone  
  124  10:00  Overlord x8  
  124  10:12  Corruptor  
  124  10:20  Baneling x5  
  124  10:21  Baneling x19  
  124  10:23  Corruptor x2  
  128  10:41  Corruptor x3  
  134  11:06  Spine Crawler  
  134  11:07  Spine Crawler  
  134  11:08  Spore Crawler  
  134  11:09  Spine Crawler x2  
  125  11:33  Corruptor x2  
  125  11:34  Corruptor x4  
  125  11:35  Drone x3  
  125  11:36  Drone x5  
  125  11:37  Zerg Melee Weapons Level 1  
  125  11:38  Zerg Ground Armor Level 1  
  123  11:55  Brood Lord  
  123  11:56  Brood Lord  
  123  11:58  Drone x5  
  123  11:59  Drone x7  
  133  12:02  Extractor  
  133  12:03  Extractor  
  131  12:10  Drone  
  131  12:13  Extractor  
  131  12:15  Extractor  
  128  12:40  Brood Lord x5  
  135  12:48  Zerg Flyer Weapons Level 2  
  135  12:51  Zergling x6  
  135  12:52  Zergling x6  
  127  13:28  Brood Lord x5  
  127  13:34  Corruptor x2  
  132  13:36  Drone x6  
  132  13:37  Drone  
  142  13:49  Overseer  
  142  14:01  Zergling x10  
  142  14:02  Zergling x2  
  144  14:03  Zergling x8  
  144  14:04  Zergling x8  
  128  14:21  Baneling x6  
  128  14:22  Baneling x2  
  124  14:25  Corruptor x3  
  124  14:26  Corruptor x3  
  124  14:27  Corruptor x2  
  139  14:42  Baneling x5  
  139  14:43  Baneling x7  
  139  14:44  Baneling, Zergling x4  
  139  14:45  Zergling x10  
  144  14:46  Zergling x6  
  139  15:34  Baneling x2  
  139  15:35  Baneling x2, Corruptor x2  
  110  15:36  Corruptor x4  
  110  15:37  Drone x3  
  110  15:38  Zergling x12  
  131  15:47  Ultralisk Cavern  
  131  15:48  Zerg Ground Armor Level 2, Zerg Melee Weapons Level 2  
  130  15:55  Corruptor  
  130  15:57  Corruptor  
  124  15:58  Zergling x6  
  124  15:59  Zergling x4  
  131  16:12  Drone x2  
  129  16:27  Hatchery  
  129  16:32  Corruptor x2  
  128  16:33  Mutalisk x2  
  128  16:34  Zergling x2  
  128  16:35  Zergling x14  
  128  16:37  Baneling x3  
  128  16:38  Baneling x18  
  128  16:39  Drone x2  
  124  17:18  Zergling x8  
  124  17:19  Zergling x16  
  124  17:22  Ultralisk x3  
  153  17:26  Anabolic Synthesis  
  153  17:30  Mutalisk  
  153  17:32  Zergling x6  
  153  17:35  Drone  
  159  17:39  Spore Crawler x2  
  159  17:41  Spore Crawler x2  
  159  17:42  Spore Crawler  
  154  17:44  Spine Crawler  
  151  18:02  Drone x2  
  151  18:04  Zerg Missile Weapons Level 1  
  148  18:05  Drone  
  148  18:08  Chitinous Plating  
  148  18:10  Baneling x12  
  148  18:11  Baneling x15  
  145  18:24  Drone x3  
  145  18:25  Drone  
  148  18:46  Corruptor x2  
  133  18:54  Spine Crawler x2  
  133  18:55  Extractor, Spine Crawler  
  104  18:57  Extractor  
  106  19:03  Zergling x4  
  106  19:04  Zergling x20  
  106  19:05  Drone x3  
  111  19:13  Ultralisk x2  
  109  19:20  Drone x2  
  111  19:45  Baneling x3  
  111  19:46  Baneling x13  
  111  19:47  Baneling x8  
  111  19:48  Drone x4  
  111  19:49  Drone x2  
  117  19:56  Zergling x4  
  117  19:57  Zergling x20  
  129  20:07  Hatchery  
  129  20:09  Queen  
  129  20:12  Queen  
  122  20:38  Zergling x22  
  122  20:39  Zergling x14  
  138  20:45  Queen  
  138  20:48  Baneling, Queen  
  138  20:49  Baneling x23  
  142  20:51  Zergling x12  
  142  20:55  Zerg Melee Weapons Level 3, Zerg Ground Armor Level 3  
  148  20:58  Baneling  
  148  20:59  Baneling x3  
  148  21:02  Zergling x10  
  114  21:27  Zergling x2  
  114  21:28  Ultralisk x2  
  114  21:29  Zergling x4  
  114  21:30  Zergling x16  
  129  21:45  Spore Crawler  
  129  21:47  Spine Crawler x2  
  127  21:49  Spine Crawler, Spore Crawler  
  127  21:51  Spore Crawler  
  123  22:06  Extractor x2  
  121  22:14  Zergling x2, Ultralisk x3  
  121  22:15  Zergling x16  
  147  22:16  Zergling x8  
  119  23:02  Zergling x2  
  119  23:03  Zergling x34  
  130  23:23  Zergling x4  
  130  23:24  Zergling x8  
  134  23:37  Baneling  
  134  23:38  Baneling x12  
  134  23:39  Baneling x23  
Tags
 
Add a new tag
Caveats
  • Supply blocks, unpowered buildings, or Contaminate may cause inaccurate times.
  • Supply counts are checked every 10 seconds.